 Dungeon Crawl Stone Soup version 0.19.0-19-g8c6edcc (webtiles) character file.

39071 tv1990 the Destroyer (level 14, -1/104 HPs)
             Began as a Formicid Conjurer on Nov 15, 2016.
             Was a High Priest of Vehumet.
             Slain by a molten gargoyle
             ... wielding a +0 flail
              (2 damage)
             ... on level 5 of the Lair of Beasts.
             The game lasted 01:44:11 (26660 turns).

tv1990 the Destroyer (Formicid Conjurer)           Turns: 26660, Time: 01:44:12

Health: -1/104     AC: 13    Str: 20    XL:     14   Next: 37%
Magic:  11/28      EV: 16    Int: 20    God:    Vehumet [*****.]
Gold:   894        SH: 12    Dex: 15    Spells: 8 memorised, 5 levels left

rFire  + + .     SeeInvis +     I - +1 quarterstaff "Jacrucib" {crush, rElec Str+2 Dex+2}
rCold  . . .     Gourm    .     E - +2 leather armour "Piast" {*Drain rF+ rN+}
rNeg   + . .     Faith    .     U - +0 shield
rPois  .         Spirit   .     (helmet unavailable)
rElec  +         Reflect  .     g - +0 cloak
rCorr  .         Harm     .     B - +2 pair of gloves of Activism {+Fly Dex+2}
MR     +....                    s - +2 pair of boots
Stlth  ++........               (no amulet)
                                p - +5 ring of strength
                                A - ring of protection from fire

@: no status effects
A: permanent stasis, dig shafts and tunnels, four strong arms, antennae 3
a: Dig, Shaft Self, Renounce Religion, Evoke Flight


You were on level 5 of the Lair of Beasts.
You worshipped Vehumet.
Vehumet was extremely pleased with you.
You were hungry.

You visited 3 branches of the dungeon, and saw 19 of its levels.

You collected 1090 gold pieces.
You spent 196 gold pieces at shops.

Inventory:

Hand Weapons
 w - the +5 whip "Hisoihit" {flame, rPois}
   (You found it on level 4 of the Dungeon)

   It has been specially enchanted to burn those struck by it, causing extra
   injury to most foes and up to half again as much damage against particularly
   susceptible opponents.
   It protects you from poison.
 I - the +1 quarterstaff "Jacrucib" (weapon) {crush, rElec Str+2 Dex+2}
   (You found it on level 6 of the Dungeon)

   It inflicts extra damage upon your enemies.
   It affects your strength (+2).
   It affects your dexterity (+2).
   It insulates you from electricity.
Armour
 g - a +0 cloak (worn)
 s - a +2 pair of boots (worn)
 B - the +2 pair of gloves of Activism (worn) {+Fly Dex+2}
   (You found it on level 5 of the Dungeon)

   It affects your dexterity (+2).
   It lets you fly.
 E - the +2 leather armour "Piast" (worn) {*Drain rF+ rN+}
   (You bought it in a shop on level 5 of the Dungeon)

   It protects you from fire.
   It protects you from negative energy.
   It causes draining when unequipped.
 U - a +0 shield (worn)
Rods
 u - a +1 rod of inaccuracy (13/13)
   (You found it on level 3 of the Dungeon)
Jewellery
 n - a cursed ring of loudness {unknown}
 p - a +5 ring of strength (right hand)
 t - an uncursed ring of protection from magic
 A - a ring of protection from fire (left hand)
 F - an uncursed ring of protection from cold
Wands
 d - a wand of digging (13/24)
 h - a wand of iceblast (7/15)
 i - a wand of acid (0/15)
 k - a wand of disintegration (4/24)
 o - a wand of slowing (11/48)
 r - a wand of random effects (21/48)
 z - a wand of teleportation (6/9)
 K - a wand of acid (1/15)
 R - a wand of iceblast (5/15)
 V - a wand of flame (35/48)
Scrolls
 f - 7 scrolls of remove curse
 j - 3 scrolls of recharging
 q - 3 scrolls of enchant armour
 v - 3 scrolls of fear
 C - 3 scrolls of magic mapping
 M - 3 scrolls of enchant weapon
 S - a scroll of amnesia
 W - a scroll of fog
 X - a scroll of immolation
Potions
 b - a potion of agility
 l - 2 potions of resistance
 G - 3 potions of cancellation
 H - a potion of haste
 Q - 5 potions of flight
 T - a potion of ambrosia
 Z - a potion of degeneration {unknown}
Comestibles
 c - 13 bread rations
 D - 3 meat rations
 N - 9 beef jerkies


   Skills:
 + Level 7.8 Fighting
 * Level 9.9 Staves
 + Level 5.8 Armour
 + Level 6.4 Dodging
 - Level 2.4 Stealth
 - Level 9.0 Shields
 - Level 10.4 Spellcasting
 - Level 13.0 Conjurations
 - Level 1.0 Hexes


You had 5 spell levels left.
You knew the following spells:

 Your Spells              Type           Power        Failure   Level  Hunger
a - Magic Dart            Conj           ####         1%          1    None
b - Dazzling Spray        Conj/Hex       #####.       1%          3    None
c - Fulminant Prism       Conj/Hex       #####.....   1%          4    ##.....
d - Iskenderun's Battles  Conj/Chrm      #####...     4%          5    ####...
e - Sting                 Conj/Pois      ####         1%          1    None
f - Conjure Flame         Conj/Fire      #####...     1%          3    None
g - Force Lance           Conj/Tloc      #####...     1%          4    ##.....
h - Spellforged Servitor  Conj/Summ      #####.....   93%         7    #######


Dungeon Overview and Level Annotations

Branches:
Dungeon (12/15)            Temple (1/1) D:7            Lair (6/6) D:11
 Shoals (0/4) Lair:2        Snake (0/4) Lair:2        Slime (0/5) Lair:6
    Orc (0/2) D:11

Altars:
Ashenzari
Cheibriados
Dithmenos
Elyvilon
Fedhas
Gozag
Hepliaklqana
Kikubaaqudgha
Makhleb
Nemelex Xobeh
Okawaru
Qazlal
Ru
Sif Muna
Trog
Uskayaw
Vehumet
Xom
Yredelemnul
Zin
The Shining One
Jiyva

Shops:
D:4 =   D:5 [   D:6 }


Innate Abilities, Weirdness & Mutations

You are under a permanent stasis effect.
You can dig through walls and to a lower floor.
Your four strong arms can wield two-handed weapons with a shield.
You have a pair of large antennae on your head. (SInv)


Message History

* * * LOW HITPOINT WARNING * * *
You feel better.
The molten gargoyle hits you with a flail!
* * * LOW HITPOINT WARNING * * *
You are engulfed in flames.
You resist.
* * * LOW HITPOINT WARNING * * *
You feel better.
Casting: Force Lance
Confirm with . or Enter, or press ? or * to list all spells.
Aiming: Fulminant Prism
Press: ? - help, Dir - move target cursor, p - molten gargoyle You conjure a prism of explosive energy!
The molten gargoyle blasts magma at you!
The bolt of magma hits you! You partially resist.
* * * LOW HITPOINT WARNING * * *
You feel better.
The molten gargoyle hits you with a flail!
* * * LOW HITPOINT WARNING * * *
You are engulfed in flames.
You resist.
You die...

...............#.# #....#
............#.#### ##...#
............### #...##
............########...#
................#.##...##
........................#
.......................P######
.........................##..####
................@......###P......
..............P..9.*.............
.............###.#........#.###.#
............#..####....###### ###
.......................##..#
.......................P.#.## ###
....................>.......###.#
.............................P##.
......##..#.......PP.........P...


You could see a molten gargoyle and a friendly fulminant prism.

Vanquished Creatures
  Fannar (Lair:3)
  4 hydras
  4 death yaks (Lair:4)
  Nergalle (D:10)
  A lindwurm (Lair:6)
  An ugly thing (D:11)
  A manticore (D:11)
  The ghost of BorisBritva the Poker, a novice NaGl (D:6)
  An elephant (Lair:3)
  4 black mambas
  6 spiny frogs
  A gargoyle (D:10)
  A rime drake (Lair:3)
  9 komodo dragons
  A troll (D:10)
  Prince Ribbit (Lair:3)
  2 two-headed ogres
  19 blink frogs
  6 hippogriffs
  Sigmund (D:4)
  A vampire (D:11)
  6 wyverns
  4 basilisks
  44 yaks
  A hungry ghost (D:7)
  Menkaure (D:7)
  2 steam dragons (Lair:6)
  A naga (Lair:2)
  3 hell hounds (Lair:6)
  18 water moccasins
  A black bear (Lair:1)
  13 porcupines
  2 hornet zombies
  4 ice beasts
  2 phantoms (D:10)
  2 orc warriors
  4 wolves (Lair:6)
  An eye of draining (D:11)
  9 centaurs
  5 ogres
  8 crocodiles
  A big kobold (D:11)
  17 bullfrogs
  A gnoll sergeant (D:10)
  5 scorpions
  10 killer bees
  10 wights
  A howler monkey (D:4)
  2 crimson imps
  A quasit (D:10)
  A bullfrog zombie (D:5)
  6 hounds
  A centaur skeleton (D:9)
  5 jellies
  12 orc wizards
  11 orc priests
  A bullfrog skeleton (D:11)
  3 iguanas
  6 worker ants
  A killer bee zombie (D:6)
  2 hound skeletons
  A worker ant zombie (D:11)
  15 adders
  8 gnolls
  2 shadow imps
  2 oozes
  An adder skeleton (D:5)
  5 worms
  4 dart slugs
  5 leopard geckos
  68 orcs
  15 bats
  A giant cockroach (D:2)
  8 goblins
  15 hobgoblins
  10 jackals
  4 quokkas
  2 ball pythons (D:3)
  6 frilled lizards
  16 kobolds
  A leopard gecko skeleton (D:5)
  A leopard gecko zombie (D:6)
  A quokka zombie (D:9)
  10 rats
  3 fulminant prisms
  4 fungi
503 creatures vanquished.

Vanquished Creatures (others)
  143 fulminant prisms
  10 fungi
  2 plants
155 creatures vanquished.

Grand Total: 658 creatures vanquished

Notes
Turn   | Place    | Note
-------+----------+-------------------------------------------
     0 | D:1      | tv1990 the Formicid Conjurer began the quest for the Orb.
     0 | D:1      | Reached XP level 1. HP: 13/13 MP: 3/3
   151 | D:1      | Reached XP level 2. HP: 19/19 MP: 1/5
   388 | D:1      | Reached skill level 4 in Conjurations
   575 | D:1      | Reached XP level 3. HP: 24/24 MP: 4/6
   580 | D:1      | Learned a level 3 spell: Dazzling Spray
  1007 | D:2      | Reached skill level 1 in Hexes
  1066 | D:2      | Reached XP level 4. HP: 29/30 MP: 1/8
  1431 | D:2      | Reached XP level 5. HP: 34/35 MP: 6/10
  2022 | D:2      | Reached skill level 5 in Conjurations
  2135 | D:2      | Reached skill level 1 in Shields
  2313 | D:3      | Found a shadowy altar of Dithmenos.
  2395 | D:3      | Reached XP level 6. HP: 22/41 MP: 1/11
  2586 | D:3      | Found a faded altar of an unknown god.
  2593 | D:3      | Found an opulent altar of Gozag.
  2594 | D:3      | Found a blossoming altar of Fedhas.
  2594 | D:3      | Found a burning altar of Makhleb.
  2606 | D:3      | Found a glowing golden altar of the Shining One.
  3126 | D:3      | Identified a +1 rod of inaccuracy (13/13) (You found it on level 3 of the Dungeon)
  3298 | D:4      | Noticed Sigmund
  3310 | D:4      | Killed Sigmund
  3310 | D:4      | Reached skill level 6 in Conjurations
  3310 | D:4      | Reached XP level 7. HP: 30/46 MP: 5/13
  3980 | D:4      | Found a glowing silver altar of Zin.
  4000 | D:4      | Found Cuttot's Jewellery Emporium.
  4009 | D:4      | Got a crystal whip
  4010 | D:4      | Identified the +5 whip "Hisoihit" {flame, rPois} (You found it on level 4 of the Dungeon)
  4171 | D:5      | Entered Level 5 of the Dungeon
  4189 | D:5      | Reached XP level 8. HP: 52/52 MP: 8/15
  4236 | D:5      | Got a pair of jewelled gloves
  4242 | D:5      | Identified the +2 pair of gloves of Activism {+Fly Dex+2} (You found it on level 5 of the Dungeon)
  4433 | D:5      | Reached skill level 5 in Spellcasting
  4433 | D:5      | Reached skill level 7 in Conjurations
  4510 | D:5      | Found a stormy altar of Qazlal.
  4690 | D:5      | Found Asuyz's Antique Armour Boutique.
  4696 | D:5      | Bought a transparent leather armour for 196 gold pieces
  4706 | D:5      | Identified the +2 leather armour "Piast" {*Drain rF+ rN+} (You bought it in a shop on level 5 of the Dungeon)
  5236 | D:6      | Noticed BorisBritva's ghost (novice NaGl)
  5324 | D:6      | Found Roxoat's Gadget Boutique.
  5520 | D:6      | Killed BorisBritva's ghost
  5520 | D:6      | Reached skill level 8 in Conjurations
  5529 | D:6      | Reached XP level 9. HP: 40/57 MP: 8/18
  5610 | D:6      | Got a crude quarterstaff
  5611 | D:6      | Identified the cursed +1 quarterstaff "Jacrucib" {crush, rElec Str+2 Dex+2} (You found it on level 6 of the Dungeon)
  6105 | D:6      | Found an ancient bone altar of Kikubaaqudgha.
  6212 | D:7      | Found a staircase to the Ecumenical Temple.
  6218 | Temple   | Entered the Ecumenical Temple
  6243 | Temple   | Became a worshipper of Vehumet
  6425 | D:7      | Reached skill level 9 in Conjurations
  7380 | D:7      | Found a sparkling altar of Nemelex Xobeh.
  7412 | D:7      | Found a shimmering altar of Xom.
  7559 | D:7      | Noticed Menkaure
  7567 | D:7      | Killed Menkaure
  7899 | D:7      | Reached skill level 10 in Conjurations
  8087 | D:8      | Gained mutation: You are weak. (Str -2) [potion of mutation]
  8087 | D:8      | Gained mutation: You have sharp toenails. [potion of mutation]
  8087 | D:8      | Gained mutation: Scrolls take you a little longer to read. [potion of mutation]
  8088 | D:8      | Lost mutation: Scrolls take you a little longer to read. [potion of cure mutation]
  8088 | D:8      | Lost mutation: You are weak. (Str -2) [potion of cure mutation]
  8088 | D:8      | Lost mutation: You have sharp toenails. [potion of cure mutation]
  8239 | D:8      | Noticed a hippogriff
  8260 | D:8      | Killed a hippogriff
  8260 | D:8      | Reached XP level 10. HP: 28/63 MP: 5/21
  8528 | D:8      | Learned a level 4 spell: Fulminant Prism
  8534 | D:8      | Learned a level 5 spell: Iskenderun's Battlesphere
  8912 | D:9      | Reached * piety under Vehumet
  8912 | D:9      | Offered knowledge of Sandblast by Vehumet.
  9235 | D:9      | Reached skill level 11 in Conjurations
  9666 | D:9      | Found a sacrificial altar of Ru.
  9723 | D:9      | Found a snail-covered altar of Cheibriados.
 10278 | D:10     | Entered Level 10 of the Dungeon
 10351 | D:10     | Offered knowledge of Sting by Vehumet.
 10354 | D:10     | Learned a level 1 spell: Sting
 10668 | D:10     | Reached ** piety under Vehumet
 10701 | D:10     | Noticed a gargoyle
 10709 | D:10     | Killed a gargoyle
 11138 | D:10     | Noticed Nergalle
 11199 | D:10     | Killed Nergalle
 11199 | D:10     | Reached skill level 12 in Conjurations
 11199 | D:10     | Reached XP level 11. HP: 57/68 MP: 9/24
 11912 | D:10     | You fall through a shaft!
 12296 | D:11     | Found a staircase to the Orcish Mines.
 12525 | D:11     | Offered knowledge of Conjure Flame by Vehumet.
 12530 | D:11     | Learned a level 3 spell: Conjure Flame
 13131 | D:11     | Reached *** piety under Vehumet
 13131 | D:11     | Reached skill level 10 in Spellcasting
 13820 | D:11     | Found a staircase to the Lair.
 13995 | D:11     | Offered knowledge of Stone Arrow by Vehumet.
 14075 | D:11     | Noticed a manticore
 14081 | D:11     | Noticed a white ugly thing
 14082 | D:11     | Killed a manticore
 14096 | D:11     | Killed a white ugly thing
 14422 | D:11     | Reached skill level 13 in Conjurations
 14789 | Lair:1   | Entered Level 1 of the Lair of Beasts
 14804 | Lair:1   | Noticed a six-headed hydra
 14829 | Lair:1   | Reached skill level 1 in Staves
 14831 | Lair:1   | Reached skill level 1 in Fighting
 15029 | Lair:1   | Reached XP level 12. HP: 70/78 MP: 16/26
 15162 | Lair:1   | Reached **** piety under Vehumet
 16225 | Lair:1   | Reached skill level 5 in Staves
 16228 | Lair:1   | Offered knowledge of Force Lance by Vehumet.
 16784 | Lair:1   | Killed a six-headed hydra
 17355 | Lair:1   | Learned a level 4 spell: Force Lance
 18094 | Lair:1   | Reached skill level 5 in Shields
 18490 | Lair:2   | Found a burning altar of Makhleb.
 18655 | Lair:2   | Noticed an eight-headed hydra
 18669 | Lair:2   | Killed an eight-headed hydra
 18862 | Lair:2   | Found a staircase to the Shoals.
 18910 | Lair:2   | Found a staircase to the Snake Pit.
 18992 | Lair:2   | Reached XP level 13. HP: 78/90 MP: 14/27
 19396 | Lair:3   | Noticed Prince Ribbit
 19405 | Lair:3   | Killed Prince Ribbit
 19415 | Lair:3   | Noticed Fannar
 19968 | Lair:2   | Reached skill level 1 in Armour
 20025 | Lair:2   | Reached skill level 5 in Fighting
 20618 | Lair:3   | Killed Fannar
 22091 | Lair:3   | Reached skill level 5 in Dodging
 23675 | Lair:4   | Noticed a four-headed hydra
 23690 | Lair:4   | Killed a four-headed hydra
 24530 | Lair:5   | Reached XP level 14. HP: 82/103 MP: 5/28
 24733 | Lair:5   | Reached skill level 5 in Armour
 25713 | Lair:6   | Entered Level 6 of the Lair of Beasts
 25816 | Lair:6   | Found a staircase to the Slime Pits.
 25816 | Lair:6   | Found a viscous altar of Jiyva.
 26097 | Lair:6   | Reached ***** piety under Vehumet
 26131 | Lair:5   | Offered knowledge of Spellforged Servitor by Vehumet.
 26140 | Lair:5   | Learned a level 7 spell: Spellforged Servitor
 26659 | Lair:5   | HP: 4/104 [molten gargoyle/bolt of magma (15)]
 26660 | Lair:5   | HP: 1/104 [molten gargoyle/flail (10)]
 26660 | Lair:5   | Slain by a molten gargoyle

Skill      XL: |  1  2  3  4  5  6  7  8  9 10 11 12 13 14 |
---------------+-------------------------------------------+-----
Conjurations   | 4 5 6 8 10 12 13 | 13.0
Hexes          | 1 |  1.0
Spellcasting   | 3 4 6 7 9 10 | 10.4
Shields        | 2 8 9 |  9.0
Staves         | 3 6 8 9 |  9.9
Dodging        | 2 4 5 6 |  6.4
Fighting       | 2 4 7 |  7.8
Armour         | 4 5 |  5.8
Stealth        | |  2.4

Action                   |  1- 3 |  4- 6 |  7- 9 | 10-12 | 13-15 || total
-------------------------+-------+-------+-------+-------+-------++-------
Melee: Dagger            |     9 |   109 |    12 |       |       ||   130
       Whip              |       |       |    38 |       |       ||    38
       Quarterstaff      |       |       |    39 |    92 |   190 ||   321
       Spear             |       |       |       |     4 |       ||     4
 Cast: Magic Dart        |    59 |   137 |   292 |   735 |   300 ||  1523
       Dazzling Spray    |       |       |     1 |    29 |    16 ||    46
       Sting             |       |       |       |   146 |    42 ||   188
       Iskenderun's Batt |       |       |       |     9 |     3 ||    12
       Fulminant Prism   |       |       |       |    62 |    90 ||   152
       Conjure Flame     |       |       |       |     7 |     4 ||    11
       Force Lance       |       |       |       |     1 |    15 ||    16
 Abil: Dig               |       |     2 |     2 |    15 |     1 ||    20
       Shaft Self        |       |       |       |     1 |       ||     1
Evoke: Wand              |       |       |     1 |     1 |     3 ||     5
  Use: Scroll            |     2 |     5 |    15 |     4 |     3 ||    29
       Potion            |       |     2 |     4 |    14 |     7 ||    27
 Stab: Invisible         |       |       |       |       |     1 ||     1
  Eat: Chunk             |     1 |     7 |     9 |    33 |    11 ||    61
       Meat ration       |       |       |     2 |     1 |     3 ||     6
       Pizza             |       |       |       |     2 |     1 ||     3
Armor: Robe              |     2 |    32 |     4 |       |       ||    38
       Leather armour    |       |       |    51 |   163 |    88 ||   302
       Skin              |       |       |     1 |     5 |       ||     6
Dodge: Dodged            |     9 |    94 |    95 |   334 |   211 ||   743
Block: Buckler           |       |     3 |    38 |   132 |    42 ||   215
       Shield            |       |       |       |       |    85 ||    85

Vault maps used:
D:1:      shiori_arrival_maze
D:2:      minmay_door_path, minmay_joined_circles
D:3:      nicolae_overflow_quartered_altars, nicolae_overflow_crystal_walls,
          ecumenical_altar_1
D:4:      zin_scriptorium, serial_shops, shop, minmay_item_behind_shaft,
          uniq_sigmund
D:5:      lemuel_crystal_altar, first_bread, serial_shops, shop_statue
D:6:      lemuel_doored_altar, serial_shops, kennysheep_mini,
          serial_park_tiny_pond
D:7:      tgw_xom, grunt_ogre_cave, nemelex_lonely_heart_becter, uniq_menkaure
D:9:      hangedman_ru_absence, cheibriados_altar_wand_db
D:10:     cheibrodos_iron_armory, uniq_nergalle
D:11:     lair_0_dummy, hiddenorc2_lemuel
Temple:   eino_temple_lava
Lair:1:   st_stairs_10
Lair:2:   shoals_dummy_entry, guppyfry_snake_entry_island, basic_altar
Lair:3:   serial_bayou_pond_d, grunt_megastairs_5, uniq_prince_ribbit2,
          uniq_fannar
Lair:4:   beast_lair_carwin_3
Lair:6:   cheibrodos_lair_end_hotspot, slime_altar_1,
          infiniplex_staircase_pool_2
